 Dungeon Crawl Stone Soup version 0.22.1-1-ga44c0e5 (webtiles) character file.

43 Monsterracer the Vandal (level 3, -8/25 HPs)
             Began as an Octopode Hunter on Oct 19, 2018.
             Mangled by a gnoll
             ... wielding a +1 whip of electrocution
              (17 damage)
             ... on level 2 of the Dungeon.
             The game lasted 00:01:56 (1164 turns).

Monsterracer the Vandal (Octopode Hunter)           Turns: 1164, Time: 00:01:57

Health: -8/25      AC:  1    Str: 11    XL:     3   Next: 58%
Magic:  3/3        EV: 13    Int: 14    God:
Gold:   63         SH:  0    Dex: 12    Spells: 2/2 levels left

rFire    . . .     SeeInvis .   a - +1 hunting sling
rCold    . . .     Gourm    .   (no shield)
rNeg     . . .     Faith    .   (helmet restricted)
rPois    .         Spirit   .   (no amulet)
rElec    .         Reflect  .   (no ring)
rCorr    .         Harm     .   (no ring)
MR       .....                  (no ring)
Stlth    +++.......             (no ring)
HPRegen  0.08/turn              (no ring)
MPRegen  0.08/turn              (no ring)
                                (no ring)
                                (no ring)

@: no status effects
A: almost no armour, stealthy swim, amphibious, 8 rings, constrict 8, camouflage
1, gelatinous body 1
a: no special abilities


You were on level 2 of the Dungeon.
You were not hungry.

You visited 1 branch of the dungeon, and saw 2 of its levels.

You collected 63 gold pieces.

Inventory:

Hand Weapons
 a - a +1 hunting sling (weapon)
 b - a +0 short sword
Missiles
 d - 16 sling bullets
 e - 29 stones (quivered)
Scrolls
 f - a scroll of identify {unknown}
 l - a scroll of amnesia {unknown}
Potions
 g - 2 potions of haste {unknown}
 h - a potion of might {unknown}
 i - a potion of curing {unknown}
 j - a potion of mutation {unknown}
 k - a potion of heal wounds {unknown}
Comestibles
 c - 4 rations


   Skills:
 + Level 2.5 Fighting
 * Level 4.5 Slings
 + Level 2.5 Dodging
 - Level 2.0 Stealth


You had 2 spell levels left.
You didn't know any spells.
Your spell library was empty.

Dungeon Overview and Level Annotations

Branches:
Dungeon (2/15)

Altars:


Innate Abilities, Weirdness & Mutations

You cannot wear most types of armour.
You are very stealthy in the water. (Stealth+)
You are amphibious.
You can wear up to eight rings at the same time.
You can use your tentacles to constrict eight enemies at once.
Your skin changes colour to match your surroundings (Stealth+).
Your rubbery body absorbs attacks. (AC +1, EV +1)


Message History

Firing (i - inventory. (/) - cycle)
e - 27 stones (quivered)
Press: ? - help, Shift-Dir - straight line, f/p - hobgoblin
Aim: a hobgoblin, wielding a club You shoot a stone.
The stone hits the hobgoblin but does no damage.
The hobgoblin hits you with a club.
You take 3 damage, and have 16/25 hp.
Firing (i - inventory. (/) - cycle)
e - 26 stones (quivered)
Press: ? - help, Shift-Dir - straight line, f/p - hobgoblin
Aim: a hobgoblin, wielding a club You shoot a stone.
The stone closely misses the hobgoblin.
Firing (i - inventory. (/) - cycle)
e - 25 stones (quivered)
Press: ? - help, Shift-Dir - straight line, f/p - hobgoblin
Aim: a hobgoblin, wielding a club You shoot a stone.
The stone hits the hobgoblin.
You kill the hobgoblin!
e - 28 stones (gained 4)
You see here a club.
You see here a mace.
e - 29 stones (gained 1)
You start resting.
You regained 7 hp, and now have 23/25 hp.
There is a stone staircase leading down here.
You climb downwards.
A bat and a rat come into view.
The hobgoblin hits you.
There is a stone staircase leading up here.
You take 4 damage, and have 19/25 hp.
Firing (i - inventory. (/) - cycle)
e - 29 stones (quivered)
Press: ? - help, Shift-Dir - straight line, f - hobgoblin
Aim: a hobgoblin You shoot a stone.
The stone barely misses the hobgoblin.
The hobgoblin barely misses you.
Firing (i - inventory. (/) - cycle)
e - 28 stones (quivered)
Press: ? - help, Shift-Dir - straight line, f/p - hobgoblin
Aim: a hobgoblin You shoot a stone.
The stone hits the hobgoblin.
The hobgoblin is almost dead.
The hobgoblin barely misses you. The bat barely misses you.
The hobgoblin barely misses you.
You climb upwards.
There is a stone staircase leading down here.
Firing (i - inventory. (/) - cycle)
e - 27 stones (quivered)
Press: ? - help, Shift-Dir - straight line, f - hobgoblin
Aim: a hobgoblin (almost dead)
You shoot a stone. The stone hits the hobgoblin.
You kill the hobgoblin!
The bat barely misses you. The bat hits you.
You take 1 damage, and have 18/25 hp.
b - a +0 short sword (weapon)
The bat closely misses you.
You barely miss the bat. Your grab misses the bat. The bat barely misses you.
e - 27 stones (gained 1)
You see here a hobgoblin corpse.
There is a stone staircase leading down here.
You barely miss the bat. Your grab misses the bat. The bat misses you.
The bat hits you.
You take 1 damage, and have 18/25 hp.
The bat closely misses you.
You see here a hobgoblin corpse.
You hit the bat.
You kill the bat!
You start resting.
You are feeling hungry.
You regained 3 hp, and now have 21/25 hp.
You butcher the hobgoblin corpse.
m - a chunk of flesh You see here a hobgoblin skeleton.
There is a stone staircase leading down here.
You see here a bat corpse.
You start resting.
Eating a chunk of flesh.
You eat the chunk of flesh.
This raw flesh tastes terrible.
HP restored.
Health restored: 25
a - a +1 hunting sling (weapon)
You climb downwards.
The rat barely misses you. The rat misses you.
There is a stone staircase leading up here.
b - a +0 short sword (weapon)
You hit the rat.
You kill the rat!
No target in view!
e - 28 stones (gained 1) 2 gnolls come into view.
A gnoll is wielding a whip of electrocution.
The gnoll shouts! x2; You hear a shout! x2
A gnoll comes into view. It is wielding an enchanted spear.
You see here a stone.
a - a +1 hunting sling (weapon)
A gnoll comes into view. It is wielding a spear.
A goblin comes into view. It is wielding a dagger.
e - 29 stones (gained 1)
There is a stone staircase leading up here.
The gnoll hits you!
You take 8 damage, and have 17/25 hp.
MASSIVE DAMAGE!!
The gnoll barely misses you.
The gnoll hits you with a whip of electrocution!
* * * LOW HITPOINT WARNING * * *
You are electrocuted!
Ouch! That really hurt!
You die...

$................
..#..............
.....#...........
..#..............
#...#...........
...............
#..g.†......
#..g@.......
#....g........
.................
..................
..................
..................
g.................
................).


You could see 2 gnolls and a goblin.

Vanquished Creatures
  A dart slug (D:1)
  5 leopard geckos (D:1)
  5 bats (D:1)
  3 giant cockroaches (D:1)
  A goblin (D:1)
  5 hobgoblins (D:1)
  2 jackals (D:1)
  3 kobolds (D:1)
  3 frilled lizards (D:1)
  6 rats
34 creatures vanquished.

Notes
Turn   | Place    | Note
-------+----------+-------------------------------------------
     0 | D:1      | Monsterracer the Octopode Hunter began the quest for the
                  | Orb.
     0 | D:1      | Reached XP level 1. HP: 14/14 MP: 1/1
    96 | D:1      | Reached XP level 2. HP: 17/19 MP: 2/2
   423 | D:1      | HP: 8/19 [hobgoblin/club (2)]
   657 | D:1      | Reached XP level 3. HP: 24/25 MP: 3/3
  1164 | D:2      | HP: 9/25 [gnoll/whip of electrocution (8)]
  1164 | D:2      | Mangled by a gnoll

Skill      XL: |  1  2 |
---------------+-------+-----
Stealth        | 2 |  2.0
Fighting       | |  2.5
Slings         | |  4.5
Dodging        | |  2.5

Action                   || total
-------------------------++-------
Melee: Short sword       ||    42
       Tentacles         ||     5
       Constrict         ||    10
 Fire: Hunting sling     ||    43
 Stab: Sleeping          ||     5
  Eat: Chunk             ||     1
Dodge: Dodged            ||    44

Vault maps used:
D:1:      lightli_iron_boxes
